TOP OF THE 1ST |
London Majors batting - Pitching for New Jersey Devils : RHP Adrian Colorado
|
Pitching: RHP Adrian Colorado
|
|
Batting: RHB Luis Gomez
|
0-0: Swinging Strike 0-1: Ball 1-1: Foul Ball, location: 2F 1-2: Ball 2-2: SINGLE (Groundball, 34D, EV 98.8 MPH)
|
Batting: RHB Brock Van Gilder
|
0-0: Called Strike 0-1: Ball 1-1: Foul Ball, location: 2F 1-2: Ball 2-2: Ball 3-2: SINGLE (Groundball, 56S, EV 73.1 MPH) (infield hit) Luis Gomez to second
|
Batting: RHB Frank Caulfield
|
0-0: Called Strike 0-1: Ball 1-1: Ball 2-1: Foul Ball, location: 2F 2-2: Strikes out swinging
|
Batting: LHB Devin Huber
|
0-0: Ball 1-0: Ball 2-0: Foul Ball, location: 2F 2-1: DOUBLE (Line Drive, 78M, EV 96.3 MPH) Luis Gomez scores Brock Van Gilder to third
|
Batting: RHB Bill Murray
|
0-0: Called Strike 0-1: Ball 1-1: DOUBLE (Line Drive, 78XD, EV 103.8 MPH) Brock Van Gilder scores Devin Huber scores
|
Batting: RHB Dan Muns
|
0-0: Ball 1-0: Ground out 5-3 (Groundball, 56, EV 107.5 MPH)
|
Batting: LHB Eric Toney
|
0-0: Ball 1-0: Called Strike 1-1: Ball 2-1: Foul Ball, location: 2F 2-2: Ball 3-2: Strikes out looking
|
Top of the 1st over - 3 runs, 4 hits, 0 errors, 1 left on base; London 3 - New Jersey 0 |
BOTTOM OF THE 1ST |
New Jersey Devils batting - Pitching for London Majors : RHP Philip Sonnichsen
|
Pitching: RHP Philip Sonnichsen
|
|
Batting: RHB Larry Shoop
|
0-0: Called Strike 0-1: Foul Ball, location: 2F 0-2: Foul Ball, location: 2F 0-2: Ball 1-2: Strikes out looking
|
Batting: SHB Jason Caruso
|
0-0: Ball 1-0: Ball 2-0: Called Strike 2-1: Foul Ball, location: 2F 2-2: Strikes out looking
|
Batting: RHB Bobby Coulombe
|
0-0: Called Strike 0-1: Ball 1-1: Called Strike 1-2: Foul Ball, location: 2F 1-2: Strikes out swinging
|
Bottom of the 1st over - 0 runs, 0 hits, 0 errors, 0 left on base; London 3 - New Jersey 0 |
TOP OF THE 2ND |
London Majors batting - Pitching for New Jersey Devils : RHP Adrian Colorado
|
Batting: RHB Terry Plumley
|
0-0: SINGLE (Line Drive, 8LS, EV 106.3 MPH)
|
Batting: RHB Bobby Roldan
|
0-0: Ball 1-0: Fielders Choice at 2nd, 6-4 (Groundball, 6, EV 86.9 MPH)
|
Batting: RHB Luis Gomez
|
0-0: Ball 1-0: Ball 2-0: Ball 3-0: Base on Balls Bobby Roldan to second
|
Batting: RHB Brock Van Gilder
|
0-0: Foul Ball, location: 2F 0-1: Ball 1-1: Ball 2-1: Foul Ball, location: 2F 2-2: Fly out, F8 (Line Drive, 8RD, EV 93.8 MPH)
|
Batting: RHB Frank Caulfield
|
0-0: Ball 1-0: Ball 2-0: Foul Ball, location: 2F 2-1: Ball 3-1: Swinging Strike 3-2: SINGLE (Groundball, 25, EV 67.5 MPH) (infield hit) Bobby Roldan to third Luis Gomez to second
|
Batting: LHB Devin Huber
|
0-0: Ball 1-0: Ball 2-0: Called Strike 2-1: Fly out, F8 (Flyball, 78XD, EV 76.9 MPH)
|
Top of the 2nd over - 0 runs, 2 hits, 0 errors, 3 left on base; London 3 - New Jersey 0 |
BOTTOM OF THE 2ND |
New Jersey Devils batting - Pitching for London Majors : RHP Philip Sonnichsen
|
Batting: LHB Dan Bremseth
|
0-0: Called Strike 0-1: Foul Ball, location: 2F 0-2: Strikes out swinging
|
Batting: LHB Bayesa Mundhir
|
0-0: Called Strike 0-1: Ball 1-1: Ball 2-1: Foul Ball, location: 2F 2-2: Foul Ball, location: 2F 2-2: Strikes out looking
|
Batting: RHB Jose Lara
|
0-0: Called Strike 0-1: Ball 1-1: Ball 2-1: Fly out, F5 (Line Drive, 5, EV 68.8 MPH)
|
Bottom of the 2nd over - 0 runs, 0 hits, 0 errors, 0 left on base; London 3 - New Jersey 0 |
TOP OF THE 3RD |
London Majors batting - Pitching for New Jersey Devils : RHP Adrian Colorado
|
Batting: RHB Bill Murray
|
0-0: Ball 1-0: Ball 2-0: DOUBLE (Flyball, 8LXD, EV 95.0 MPH)
|
Batting: RHB Dan Muns
|
0-0: Foul Ball, location: 2F 0-1: Foul Ball, location: 2F 0-2: Ball 1-2: Foul Ball, location: 2F 1-2: Foul Ball, location: 2F 1-2: Ground out U3 (Groundball, 23, EV 92.5 MPH) Bill Murray to third
|
Batting: LHB Eric Toney
|
0-0: Foul Ball, location: 2F 0-1: Ball 1-1: Ground out 3-1 (Groundball, 34, EV 90.0 MPH) Bill Murray scores
|
Batting: RHB Terry Plumley
|
0-0: Ball 1-0: Foul Ball, location: 2F 1-1: Foul Ball, location: 2F 1-2: Strikes out swinging
|
Top of the 3rd over - 1 run, 1 hit, 0 errors, 0 left on base; London 4 - New Jersey 0 |
BOTTOM OF THE 3RD |
New Jersey Devils batting - Pitching for London Majors : RHP Philip Sonnichsen
|
Batting: SHB Jerry Burrows
|
0-0: Called Strike 0-1: Ball 1-1: Fly out, F7 (Flyball, 78S, EV 90.0 MPH)
|
Batting: RHB Brian Bonin
|
0-0: Swinging Strike 0-1: Called Strike 0-2: Strikes out swinging
|
Batting: RHB Mike Hanks
|
0-0: SINGLE (Groundball, 13S, EV 63.8 MPH) (infield hit)
|
Batting: RHB Larry Shoop
|
0-0: Ball 1-0: Foul Ball, location: 2F 1-1: Called Strike 1-2: 2-RUN HOME RUN (Flyball, 7D, EV 98.1 MPH), Distance : 369 ft
|
Batting: SHB Jason Caruso
|
0-0: Foul Ball, location: 2F 0-1: Ball 1-1: Called Strike 1-2: Strikes out swinging
|
Bottom of the 3rd over - 2 runs, 2 hits, 0 errors, 0 left on base; London 4 - New Jersey 2 |
TOP OF THE 4TH |
London Majors batting - Pitching for New Jersey Devils : RHP Adrian Colorado
|
Batting: RHB Bobby Roldan
|
0-0: DOUBLE (Groundball, 5L, EV 101.3 MPH)
|
Batting: RHB Luis Gomez
|
0-0: Called Strike 0-1: Swinging Strike 0-2: Ball 1-2: Strikes out looking
|
Batting: RHB Brock Van Gilder
|
0-0: Ball 1-0: Ball 2-0: Fly out, F8 (Flyball, 78D, EV 102.5 MPH)
|
Batting: RHB Frank Caulfield
|
0-0: Foul Ball, location: 2F 0-1: Foul Ball, location: 2F 0-2: Ball 1-2: DOUBLE (Flyball, 89XD, EV 105.0 MPH) Bobby Roldan scores
|
Batting: LHB Devin Huber
|
0-0: Called Strike 0-1: Foul Ball, location: 2F 0-2: Ball 1-2: Ball 2-2: Ball 3-2: Strikes out swinging
|
Top of the 4th over - 1 run, 2 hits, 0 errors, 1 left on base; London 5 - New Jersey 2 |
BOTTOM OF THE 4TH |
New Jersey Devils batting - Pitching for London Majors : RHP Philip Sonnichsen
|
Batting: RHB Bobby Coulombe
|
0-0: Ball 1-0: Foul Ball, location: 2F 1-1: Called Strike 1-2: Ball 2-2: Ball 3-2: Foul Ball, location: 2F 3-2: Base on Balls
|
Batting: LHB Dan Bremseth
|
0-0: Ball 1-0: Called Strike 1-1: Called Strike Bobby Coulombe steals 2nd base 1-2: SINGLE (Groundball, 4MD, EV 106.9 MPH) Bobby Coulombe to third Runner from 3rd tries for Home, throw by CF and OUT! 8-2
|
Batting: LHB Bayesa Mundhir
|
0-0: Ball 1-0: Called Strike 1-1: Ball 2-1: Called Strike 2-2: Ball 3-2: Base on Balls Dan Bremseth to second
|
Batting: RHB Jose Lara
|
0-0: Ball 1-0: Foul Ball, location: 2F 1-1: Foul Ball, location: 2F 1-2: Strikes out swinging
|
Batting: SHB Jerry Burrows
|
0-0: Ground out 3-1 (Groundball, 34S, EV 84.4 MPH)
|
Bottom of the 4th over - 0 runs, 1 hit, 0 errors, 2 left on base; London 5 - New Jersey 2 |
TOP OF THE 5TH |
London Majors batting - Pitching for New Jersey Devils : RHP Adrian Colorado
|
Batting: RHB Bill Murray
|
0-0: Foul Ball, location: 2F 0-1: DOUBLE (Line Drive, 7LS, EV 105.0 MPH)
|
Batting: RHB Dan Muns
|
0-0: Foul Ball, location: 2F 0-1: Foul Ball, location: 2F 0-2: Strikes out swinging
|
Batting: LHB Eric Toney
|
0-0: Called Strike Bill Murray steals 3rd base 0-1: Ball 1-1: Ball 2-1: Fly out, F9 (Flyball, 9, EV 92.5 MPH)
|
Batting: RHB Terry Plumley
|
0-0: Foul Ball, location: 2F 0-1: Ball 1-1: Called Strike 1-2: Strikes out swinging
|
Top of the 5th over - 0 runs, 1 hit, 0 errors, 1 left on base; London 5 - New Jersey 2 |
BOTTOM OF THE 5TH |
New Jersey Devils batting - Pitching for London Majors : RHP Philip Sonnichsen
|
Batting: RHB Brian Bonin
|
0-0: Foul Ball, location: 2F 0-1: Foul Ball, location: 2F 0-2: Ball 1-2: Foul Ball, location: 2F 1-2: Ball 2-2: Strikes out swinging
|
Batting: RHB Mike Hanks
|
0-0: Foul Ball, location: 2F 0-1: Ball 1-1: Called Strike 1-2: Strikes out swinging
|
Batting: RHB Larry Shoop
|
0-0: Ball 1-0: Reached on error, E1 (Groundball, 15S, EV 62.5 MPH)
|
Batting: SHB Jason Caruso
|
0-0: Called Strike 0-1: Fly out, F9 (Flyball, 9, EV 93.1 MPH)
|
Bottom of the 5th over - 0 runs, 0 hits, 1 error, 1 left on base; London 5 - New Jersey 2 |
TOP OF THE 6TH |
London Majors batting - Pitching for New Jersey Devils : RHP Adrian Colorado
|
Batting: RHB Bobby Roldan
|
0-0: Fly out, F8 (Flyball, 89M, EV 95.0 MPH)
|
Batting: RHB Luis Gomez
|
0-0: Called Strike 0-1: Swinging Strike 0-2: SINGLE (Groundball, 34D, EV 112.5 MPH)
|
Batting: RHB Brock Van Gilder
|
0-0: Called Strike Luis Gomez steals 2nd base 0-1: Foul Ball, location: 2F 0-2: Ball 1-2: Fly out, F7 (Flyball, 7LM, EV 96.3 MPH)
|
Batting: RHB Frank Caulfield
|
0-0: Called Strike 0-1: Ground out 6-3 (Groundball, 6, EV 92.5 MPH)
|
Top of the 6th over - 0 runs, 1 hit, 0 errors, 1 left on base; London 5 - New Jersey 2 |
BOTTOM OF THE 6TH |
New Jersey Devils batting - Pitching for London Majors : RHP Philip Sonnichsen
|
Batting: RHB Bobby Coulombe
|
0-0: Ball 1-0: Foul Ball, location: 2F 1-1: Called Strike 1-2: Strikes out looking
|
Batting: LHB Dan Bremseth
|
0-0: SINGLE (Groundball, 34D, EV 94.4 MPH)
|
Batting: LHB Bayesa Mundhir
|
0-0: Called Strike 0-1: Foul Ball, location: 2F 0-2: Ball 1-2: Foul Ball, location: 2F 1-2: Ball Dan Bremseth is caught stealing 2nd base 2-6 2-2: Strikes out swinging
|
Bottom of the 6th over - 0 runs, 1 hit, 0 errors, 0 left on base; London 5 - New Jersey 2 |
TOP OF THE 7TH |
London Majors batting - Pitching for New Jersey Devils : RHP Adrian Colorado
|
Batting: LHB Devin Huber
|
0-0: Ball 1-0: Called Strike 1-1: SINGLE (Line Drive, 56, EV 96.3 MPH)
|
Batting: RHB Bill Murray
|
0-0: Called Strike 0-1: Ball 1-1: Ball 2-1: Swinging Strike 2-2: Ball Devin Huber is caught stealing 2nd base 2-4 3-2: Strikes out looking
|
Batting: RHB Dan Muns
|
0-0: Ball 1-0: Ball 2-0: Fly out, F7 (Line Drive, 7S, EV 97.5 MPH)
|
Top of the 7th over - 0 runs, 1 hit, 0 errors, 0 left on base; London 5 - New Jersey 2 |
BOTTOM OF THE 7TH |
New Jersey Devils batting - Pitching for London Majors : RHP Philip Sonnichsen
|
Now in LF: Bryan Mattis
|
|
Batting: RHB Jose Lara
|
0-0: Ball 1-0: DOUBLE (Line Drive, 3D, EV 96.3 MPH)
|
Batting: SHB Jerry Burrows
|
0-0: Foul Ball, location: 2F 0-1: Foul Ball, location: 2F 0-2: Ball 1-2: Foul Ball, location: 2F 1-2: Ball 2-2: Foul Ball, location: 2F 2-2: Ground out 4-3 (Groundball, 13, EV 83.1 MPH) Jose Lara to third
|
Batting: RHB Brian Bonin
|
0-0: Ball 1-0: Ball 2-0: Ball 3-0: Called Strike 3-1: Called Strike 3-2: DOUBLE (Flyball, 78XD, EV 116.3 MPH) Jose Lara scores
|
Pinch Hitting: SHB Justin Wallace
|
0-0: Ground out 5-3 (Groundball, 5S, EV 90.0 MPH)
|
Pitching: RHP Tim Donovan
|
|
Batting: RHB Larry Shoop
|
0-0: Called Strike 0-1: Ball 1-1: Ball 2-1: SINGLE (Line Drive, 4M, EV 100.0 MPH) Brian Bonin to third
|
Batting: SHB Jason Caruso
|
0-0: Called Strike 0-1: Ball 1-1: Ball 2-1: Hit by Pitch Larry Shoop to second
|
Batting: RHB Bobby Coulombe
|
0-0: Ball 1-0: Swinging Strike 1-1: Called Strike 1-2: Strikes out looking
|
Bottom of the 7th over - 1 run, 3 hits, 0 errors, 3 left on base; London 5 - New Jersey 3 |
TOP OF THE 8TH |
London Majors batting - Pitching for New Jersey Devils : RHP Adrian Colorado
|
Pitching: LHP Joe Edwards
|
|
Now at 1B: Justin Wallace
|
|
Batting: LHB Eric Toney
|
0-0: Ball 1-0: Fly out, F7 (Flyball, 78S, EV 73.1 MPH)
|
Batting: RHB Terry Plumley
|
0-0: Fly out, F8 (Line Drive, 8LM, EV 95.0 MPH)
|
Batting: RHB Bobby Roldan
|
0-0: Foul Ball, location: 2F 0-1: Called Strike 0-2: Ball 1-2: Strikes out swinging
|
Top of the 8th over - 0 runs, 0 hits, 0 errors, 0 left on base; London 5 - New Jersey 3 |
BOTTOM OF THE 8TH |
New Jersey Devils batting - Pitching for London Majors : RHP Tim Donovan
|
Pitching: LHP Mike Hayden
|
|
Now at 1B: Mike Chamberlain
|
|
Batting: LHB Dan Bremseth
|
0-0: Called Strike 0-1: Ball 1-1: Foul Ball, location: 2F 1-2: Ball 2-2: Ball 3-2: Strikes out swinging
|
Batting: SHB Alex Cavazos
|
0-0: Ball 1-0: Ground out U3 (Groundball, 34S, EV 85.0 MPH)
|
Pitching: RHP Joe Linkous
|
|
Batting: RHB Jose Lara
|
0-0: Ground out U3 (Groundball, 34, EV 98.8 MPH)
|
Bottom of the 8th over - 0 runs, 0 hits, 0 errors, 0 left on base; London 5 - New Jersey 3 |
TOP OF THE 9TH |
London Majors batting - Pitching for New Jersey Devils : LHP Joe Edwards
|
Batting: RHB Luis Gomez
|
0-0: Foul Ball, location: 2F 0-1: Ball 1-1: Foul Ball, location: 2F 1-2: Foul Ball, location: 2F 1-2: Ground out 5-3 (Groundball, 56, EV 81.3 MPH)
|
Batting: RHB Brock Van Gilder
|
0-0: Foul Ball, location: 2F 0-1: Ball 1-1: Ball 2-1: Ball 3-1: Swinging Strike 3-2: Strikes out swinging
|
Batting: RHB Frank Caulfield
|
0-0: Ball 1-0: Ball 2-0: Called Strike 2-1: Ball 3-1: SINGLE (Groundball, 4M, EV 88.1 MPH) (infield hit)
|
Batting: LHB Devin Huber
|
0-0: Ball Frank Caulfield is caught stealing 2nd base 2-6
|
Top of the 9th over - 0 runs, 1 hit, 0 errors, 0 left on base; London 5 - New Jersey 3 |
BOTTOM OF THE 9TH |
New Jersey Devils batting - Pitching for London Majors : RHP Joe Linkous
|
Pitching: RHP Pat Powell
|
|
Batting: SHB Jerry Burrows
|
0-0: Called Strike 0-1: Ball 1-1: Called Strike 1-2: Strikes out swinging
|
Pinch Hitting: SHB Nick Daigle
|
0-0: Ball 1-0: Ball 2-0: Ball 3-0: Called Strike 3-1: Called Strike 3-2: Strikes out swinging
|
Batting: SHB Justin Wallace
|
0-0: Ground out 6-3 (Groundball, 6M, EV 102.5 MPH)
|
Bottom of the 9th over - 0 runs, 0 hits, 0 errors, 0 left on base; London 5 - New Jersey 3 |
|